 Dungeon Crawl Stone Soup version 0.27-a0-522-g46bbb28828 (webtiles) character file.

Game seed: 294687528596059093

128 Anon1729 the Skirmisher (level 5, -2/46 HPs)
             Began as a Ghoul Fighter on Mar 6, 2021.
             Killed from afar by Natasha (9 damage)
             ... with a puff of flame
             ... on level 3 of the Dungeon.
             The game lasted 00:01:53 (1854 turns).

Anon1729 the Skirmisher (Ghoul Fighter)             Turns: 1854, Time: 00:01:54

Health: -2/46      AC:  6    Str: 21    XL:     5   Next: 12%
Magic:  4/4        EV:  7    Int:  3    God:
Gold:   48         SH:  9    Dex:  8    Spells: 4/4 levels left

rFire    . . .     SeeInvis .   a - +0 war axe
rCold    + . .     Faith    .   c - +0 kite shield
rNeg     + + +     Spirit   .   b - +0 scale mail
rPois    ∞         Reflect  .   (no helmet)
rElec    .         Harm     .   (no cloak)
rCorr    .         Rampage  .   (no gloves)
Will     .....                  (no boots)
Stlth    ..........             (no amulet)
HPRegen  0.00/turn              (no ring)
MPRegen  0.09/turn              (no ring)

@: slowed, very slow
A: claws 1, cold resistance 1, negative energy resistance 3, inhibited
regeneration, torment resistance, unbreathing 1
a: no special abilities


You were on level 3 of the Dungeon.
You visited 1 branch of the dungeon, and saw 3 of its levels.

You collected 48 gold pieces.

Inventory:

Hand Weapons
 a - a +0 war axe (weapon)
Armour
 b - a +0 scale mail (worn)
 c - a +0 kite shield (worn)
Wands
 n - a wand of random effects (14)
Scrolls
 e - a scroll of blinking {unknown}
 f - 2 scrolls of identify {unknown}
 i - a scroll of fog {unknown}
 k - a scroll of magic mapping {unknown}
 l - 2 scrolls of teleportation {unknown}
 m - a scroll of immolation {unknown}
Potions
 d - a potion of might
 g - 2 potions of curing {unknown}
 h - a potion of haste {unknown}
 j - 2 potions of lignification


   Skills:
 + Level 4.0 Fighting
 * Level 3.1 Axes
 + Level 3.3 Armour
 + Level 3.3 Shields


You had 4 spell levels left.
You didn't know any spells.
Your spell library was empty.

Dungeon Overview and Level Annotations

Branches:
Dungeon (3/15)

Altars:
Kikubaaqudgha
Sif Muna

Portals:
Sewer: D:3

Annotations:
D:3 Natasha


Innate Abilities, Weirdness & Mutations

You thrive by killing the living.
You are immune to poison.
You have sharp fingernails.
Your flesh is cold resistant. (rC+)
You are immune to negative energy. (rN+++)
You do not regenerate when monsters are visible.
You are immune to unholy pain and torment.
You can survive without breathing.


Message History

You feel better.
A giant cockroach comes into view.
The worm bites you.
You slash the worm!
The worm is heavily wounded.
The worm completely misses you.
You hit the worm.
The worm is severely wounded.
The worm bites you!
You are too injured to fight recklessly!
You slash the worm!
You kill the worm!
You feel better.
You hit the giant cockroach.
You kill the giant cockroach!
You feel better.
Natasha zaps a wand.
The puff of flame misses you.
Things that are here:
a worm corpse; a bat corpse Why would you want to do that?
Unknown command.
Natasha zaps a wand.
The puff of flame hits you.
Things that are here:
a worm corpse; a bat corpse You hear the quick rusting of a drain.
Natasha casts a spell at you.
You feel yourself slow down.
Unknown command.
You closely miss Natasha. Natasha claws you.
Natasha claws you but does no damage.
You closely miss Natasha.
Natasha zaps a wand.
The puff of flame hits you!
* * * LOW HITPOINT WARNING * * *
Natasha claws you.
* * * LOW HITPOINT WARNING * * *
It was a potion of lignification.
You feel woody for a moment. Natasha claws you.
* * * LOW HITPOINT WARNING * * *
Natasha wildly gestures.
Natasha shimmers violently.
Natasha zaps a wand.
The puff of flame hits you!
You die...

.≈≈.....≈≈... ..
.≈≈.....≈≈.....
.≈≈..∩......#.
.≈≈..(..≈ ...
.≈≈.≈...≈ ..
#≈≈≈≈≈# ?# ..
.##≈≈≈≈≈##h###..#
.....≈..†@.......
.....###....#####
##
.....####.#...###
)..
...............
#.
...####.#####.#
####.## #.# .
.......### #.#
#...###.#
#[......#######


You could see Natasha.

Vanquished Creatures
  Natasha (D:3)
  6 adders
  An ooze (D:1)
  3 worms
  2 leopard geckos
  An orc (D:3)
  A bat (D:3)
  4 giant cockroaches
  3 goblins
  4 hobgoblins
  6 frilled lizards
  6 kobolds
  3 rats
41 creatures vanquished.

Vanquished Creatures (others)
  A plant (D:1)
1 creature vanquished.

Grand Total: 42 creatures vanquished

Notes
Turn   | Place    | Note
-------+----------+-------------------------------------------
     0 | D:1      | Anon1729 the Ghoul Fighter began the quest for the Orb.
     0 | D:1      | Reached XP level 1. HP: 19/19 MP: 0/0
   258 | D:1      | Reached XP level 2. HP: 23/26 MP: 1/1
   484 | D:1      | You fall into a shaft and drop 1 floor!
   514 | D:2      | Reached XP level 3. HP: 11/31 MP: 2/2
  1017 | D:2      | Found an ancient bone altar of Kikubaaqudgha.
  1027 | D:2      | Reached XP level 4. HP: 37/40 MP: 3/3
  1211 | D:2      | Found a shimmering blue altar of Sif Muna.
  1476 | D:3      | Noticed Natasha
  1494 | D:3      | Killed Natasha
  1495 | D:3      | Reached skill level 4 in Fighting
  1729 | D:3      | Reached XP level 5. HP: 31/46 MP: 4/4
  1838 | D:3      | Found a glowing drain.
  1839 | D:3      | Noticed Natasha
  1854 | D:3      | Killed from afar by Natasha

Illustrated notes

Levels and vault maps discovered:
D:1:      psy_arrival_whirlpool, layout_basic, serial_forest,
          infiniplex_forest_diagonal, infiniplex_forest_lined_corner,
          infiniplex_forest_lined_4_way, infiniplex_forest_straight_4,
          infiniplex_forest_lined_corner, minmay_misc_feat_columns
D:2:      layout_loops_ring, chequers_temple_overflow_statue_of_worship
D:3:      layout_rooms, cheibrodos_sewer_entry_sluice, uniq_natasha

Skill      XL: |  1  2  3  4 |
---------------+-------------+-----
Axes           | 2 3 |  3.1
Armour         | 3 |  3.3
Shields        | 3 |  3.3
Fighting       | 4 |  4.0

Action                   |  1- 3 |  4- 6 || total
-------------------------+-------+-------++-------
Melee: War axe           |    74 |    67 ||   141
  Use: Potion            |       |     1 ||     1
Armor: Scale mail        |    31 |    32 ||    63
Dodge: Dodged            |    31 |    17 ||    48
Block: Kite shield       |    45 |    39 ||    84

Table legend: (Time is in decaauts)
 A = Elapsed time spent in this place.
 B = Non-inter-level travel time spent in this place.
 C = Inter-level travel time spent in this place.
 D = Time resting spent in this place.
 E = Time spent auto-exploring this place.
 F = Levels seen in this place.
 G = Mean time per level.
                   A        B        C        D        E       F      G
               +--------+--------+--------+--------+--------+-----+--------+
         Total |   1954 |   1921 |     33 |    413 |   1142 |   3 |  651.3 |
       Dungeon |   1954 |   1921 |     33 |    413 |   1142 |   3 |  651.3 |
               +--------+--------+--------+--------+--------+-----+--------+

Top non-repeatable levels by time:
     D:2: 1267 daAuts
     D:1: 504 daAuts
     D:3: 183 daAuts
